 Dungeon Crawl Stone Soup version 0.32-a0-841-g4648e6c457 (webtiles) character file.

Game seed: 11899980604283946390

225 oldriver the Trooper (level 6, -1/47 (66) HPs)
             Began as an Oni Shapeshifter on Mar 27, 2024.
             Was a Follower of Jiyva.
             Slain by a wight
             ... wielding a +3 spear of freezing
              (4 damage)
             ... in an ossuary.
             The game lasted 00:05:31 (3443 turns).

oldriver the Trooper (Oni Shapeshifter)             Turns: 3443, Time: 00:05:33

HP:   -1/47 (66)    AC:  4    Str: 21    XL:     6   Next: 1%
MP:   6/6           EV:  8    Int: 11    God:    Jiyva [*.....]
Gold: 203           SH:  0    Dex:  8    Spells: 5/5 levels left

rFire   . .          .
                       - Unarmed
rCold   . . .        (no shield)
rNeg    . . .        a - +1 animal skin
rPois   .            (helmet currently unavailable)
rElec   .            (cloak currently unavailable)
rCorr   .            (gloves unavailable)
SInv    .            (boots unavailable)
Will    .....        (no amulet)
Stlth   +            (no ring)
HPRegen 1.07/turn    (no ring)
MPRegen 0.50/turn

%: no passive effects
@: beast-form, attractive, very heavily drained
A: beast (slay +2), large, unfitting armour, horns 1, tough skin 1, double
potion healing, drunken brawling
a: Begin Untransformation, Renounce Religion


You were in an ossuary.
You worshipped Jiyva.
Jiyva was aware of your devotion.
You were a hulking beast.
You visited 1 branch of the dungeon, and saw 4 of its levels.
You also visited: Sewer and Ossuary.

You collected 203 gold pieces.

Inventory:

Missiles
 e - 5 poisoned darts (quivered)
Armour
 a - a +1 animal skin (worn)
 m - a scarf of harm
Talismans
 c - a beast talisman (active)
 d - a flux talisman
Scrolls
 g - 3 scrolls of vulnerability
 n - a scroll of identify
Potions
 b - a potion of lignification
 h - 2 potions of cancellation
 j - a potion of might {unknown}
 k - a potion of enlightenment {unknown}
 l - a potion of resistance {unknown}
 o - a potion of heal wounds {unknown}


   Skills:
 * Level 5.3 Fighting
 - Level 1.7 Dodging
 + Level 3.7 Unarmed Combat
 + Level 4.0 Shapeshifting


You had 5 spell levels left.
You didn't know any spells.
Your spell library contained the following spells:

 Spells                   Type           Power      Damage    Failure   Level
 Brom's Barrelling Bould  Conj/Erth      0%         2d3       98%         4
 Fireball                 Conj/Fire      0%         3d3       100%        5
 Iskenderun's Battlesphe  Conj           0%         2d6       100%        5
 Conjure Ball Lightning   Conj/Air       0%         3x3d6     100%        6
 Orb of Destruction       Conj           0%         9d5       100%        7


Dungeon Overview and Level Annotations

Branches:
Dungeon (4/15)              Sewer (visited)         Ossuary (1/1)
 Temple: D:4-7

Altars:


Innate Abilities, Weirdness & Mutations

You are a hulking beast.
Your limbs bulge with bestial killing power. (Slay +2)
You are too large for most types of armour.
You have a pair of small horns on your head.
You have tough skin. (AC +1)
You gain doubled healing and magic from potions.
Whenever you drink a healing potion, you attack all around you.


Message History

The wight hits you from afar with a +3 spear of freezing.
You feel drained. The wight freezes you.
The wight hits you with a +0 short sword.
You feel drained.
You hit the wight.
You headbutt the wight, but do no damage.
The wight is severely damaged.
The wight hits you from afar with a +3 spear of freezing.
You feel drained. The wight freezes you.
You barely miss the wight.
The wight is severely damaged.
The wight hits you but does no damage. The wight barely misses you.
You hit the wight but do no damage.
The wight is severely damaged.
The wight hits you with a +0 short sword!
* * * LOW HITPOINT WARNING * * *
You feel drained.
* * * LOW HITPOINT WARNING * * *
The wight hits you from afar with a +3 spear of freezing!
* * * LOW HITPOINT WARNING * * *
The wight freezes you.
* * * LOW HITPOINT WARNING * * *
You take a swig of the potion and flex your muscles.
You completely miss the wight.
The wight is severely damaged.
You savour every drop.
You feel better. The wight closely misses you.
The wight hits you but does no damage.
It was a potion of cancellation.
You feel magically purged. The wight barely misses you.
The wight hits you from afar with a +3 spear of freezing!
You feel drained. The wight freezes you.
* * * LOW HITPOINT WARNING * * *
It was a potion of attraction.
You feel attractive to monsters. The wight closely misses you.
The wight hits you from afar with a +3 spear of freezing!
* * * LOW HITPOINT WARNING * * *
You feel drained.
You die...
Jiyva sends a jelly to digest your remains.

............# #z# #.....##
#.......#♣#.#♣#######.ß.♣.##
#.......#z#.'.....'.......♣.
#.......#♣#.#♣#######.♣.ß.##
..........###z# #.....##
###..#♣#..#### #####'##
♣z♣..♣.♣..# #...
.###..'♣#..# ####
........z.h.# #######...z♣#
######


You could see 2 wights.

Vanquished Creatures
  A hound (D:3)
  2 river rats
  6 adders
  An adder skeleton (Ossuary)
  2 ribbon worms
  A dart slug (D:1)
  14 ball pythons
  14 endoplasms
  10 giant cockroaches
  6 goblins
  13 hobgoblins
  5 kobolds
  6 quokkas
  3 ball python skeletons (Ossuary)
  6 bats
  5 frilled lizards
  2 hobgoblin skeletons (Ossuary)
  2 kobold skeletons (Ossuary)
  An orc skeleton (Ossuary)
  15 rats
115 creatures vanquished.

Vanquished Creatures (others)
  2 ball pythons (Sewer)
2 creatures vanquished.

Grand Total: 117 creatures vanquished

Notes
Turn   | Place    | Note
-------+----------+-------------------------------------------
     0 | D:1      | oldriver the Oni Shapeshifter began the quest for the Orb.
     0 | D:1      | Reached XP level 1. HP: 19/19 MP: 1/1
   197 | D:1      | Reached skill level 2 in Fighting
   197 | D:1      | Reached XP level 2. HP: 25/28 MP: 2/2
   954 | D:1      | Reached XP level 3. HP: 36/36 MP: 3/3
  1052 | D:1      | Reached skill level 3 in Fighting
  1545 | D:2      | Reached XP level 4. HP: 34/48 MP: 4/4
  1845 | D:2      | Found a faded altar of an unknown god.
  1882 | D:2      | Reached skill level 4 in Fighting
  2532 | D:3      | Reached XP level 5. HP: 55/55 MP: 5/5
  2606 | D:3      | Found a glowing drain.
  2616 | Sewer    | Entered a sewer
  2723 | Sewer    | Reached skill level 5 in Fighting
  2826 | Sewer    | Found a viscous altar of Jiyva.
  2867 | Sewer    | Became a worshipper of Jiyva Jyfiuxoa the Shapeless
  3275 | D:4      | Found a sand-covered staircase.
  3280 | Ossuary  | Entered an ossuary
  3353 | Ossuary  | Reached XP level 6. HP: 63/66 MP: 6/6
  3409 | Ossuary  | Noticed a laughing skull
  3414 | Ossuary  | Reached * piety under Jiyva
  3416 | Ossuary  | Noticed a laughing skull
  3427 | Ossuary  | Noticed a laughing skull
  3440 | Ossuary  | HP: 2/50 [wight/+3 spear of freezing (3)]
  3443 | Ossuary  | Slain by a wight

Illustrated notes

Levels and vault maps discovered:
D:1:      elethiomel_arrival_infinity_welcomes_careful_drivers, layout_basic,
          eino_curves_01, minmay_tetromino_i2
D:2:      layout_basic, dilly_ecumenical_altar_fadedgnrine
D:3:      layout_loops_ring, gup_sewer_entry_bubbles, minmay_misc_feat_pillars,
          serial_park_tiny_1
D:4:      layout_cave_pools, minitemple, worldfamousw_hep_ancestral_shrine,
          enter_ossuary_2, minmay_misc_feat_ornament
Ossuary:  ossuary_due_cavern

Skill      XL: |  1  2  3  4  5 |
---------------+----------------+-----
Fighting       | 2 3 4 5 |  5.3
Unarmed Combat | 3 |  3.7
Shapeshifting  | 4 |  4.0
Dodging        | |  1.7

Action                     |  1- 3 |  4- 6 || total
---------------------------+-------+-------++-------
  Melee: Unarmed           |    82 |   179 ||   261
         Headbutt          |    11 |    25 ||    36
         Punch             |       |     3 ||     3
    Use: Scroll            |       |     9 ||     9
         Potion            |       |     5 ||     5
   Stab: Sleeping          |       |     1 ||     1
 Armour: Animal skin       |    50 |   109 ||   159
  Dodge: Dodged            |    35 |    84 ||   119

Table legend: (Time is in decaauts)
 A = Elapsed time spent in this place.
 B = Non-inter-level travel time spent in this place.
 C = Inter-level travel time spent in this place.
 D = Time resting spent in this place.
 E = Time spent auto-exploring this place.
 F = Levels seen in this place.
 G = Mean time per level.
                   A        B        C        D        E       F      G
               +--------+--------+--------+--------+--------+-----+--------+
         Total |   3425 |   3234 |    191 |     27 |   2207 |   6 |  570.8 |
       Dungeon |   2954 |   2763 |    191 |      4 |   1937 |   4 |  738.5 |
         Sewer |    310 |    310 |      0 |     23 |    164 |   1 |  310.0 |
       Ossuary |    160 |    160 |      0 |      0 |    106 |   1 |  160.0 |
               +--------+--------+--------+--------+--------+-----+--------+

Top non-repeatable levels by time:
     D:1: 1161 daAuts
     D:2: 911 daAuts
     D:3: 820 daAuts
   Sewer: 310 daAuts
 Ossuary: 160 daAuts
     D:4: 60 daAuts
